 Dungeon Crawl Stone Soup version 0.30-b1-2-g02819fbbbe (webtiles) character file.

Game seed: 10067837444552210945

13069 LLlMATKO the Fighter (level 11, -7/156 HPs)
             Began as a Minotaur Berserker on Oct 31, 2023.
             Was a High Priest of Trog.
             Mangled by a skeletal warrior
             ... wielding a +0 halberd
              (26 damage)
             ... on level 11 of the Dungeon.
             The game lasted 00:08:10 (8903 turns).

LLlMATKO the Fighter (Minotaur Berserker)           Turns: 8903, Time: 00:08:10

Health: -7/156     AC: 14    Str: 26    XL:     11   Next: 70%
Magic:  10/10      EV: 14    Int:  4    God:    Trog [*****.]
Gold:   593        SH:  0    Dex: 10    Spells: 10/10 levels left

rFire   . . .        f - +5 broad axe of Oozing Pus {heavy, Stlth+}
rCold   + . .        (no shield)
rNeg    . . .        A - +3 ring mail {rC+}
rPois   .            (helmet restricted)
rElec   .            M - +1 cloak
rCorr   +            a - +0 pair of gloves
SInv    .            (no boots)
Will    +....        C - amulet of the acrobat Stlth
                     h - ring of resist corrosion
HPRegen 0.46/turn    P - ring of willpower
MPRegen 0.12/turn

%: acrobat
@: berserking, studying Shields, very quick
A: horns 2, retaliatory headbutt
a: Renounce Religion, Berserk, Trog's Hand, Brothers in Arms


You were on level 11 of the Dungeon.
You worshipped Trog.
Trog was extremely pleased with you.
You visited 1 branch of the dungeon, and saw 11 of its levels.
You also visited: Bailey.

You collected 593 gold pieces.

Inventory:

Hand Weapons
 f - the +5 broad axe of Oozing Pus (weapon) {heavy, Stlth+}
   (You acquired it on level 8 of the Dungeon)

   Stlth:     It makes you more stealthy.
 z - a +0 war axe
Missiles
 b - 50 poisoned darts (quivered)
 g - 8 datura-tipped darts
 s - 15 curare-tipped darts
 x - 15 boomerangs
 O - a throwing net
Armour
 a - a +0 pair of gloves (worn)
 A - a +3 ring mail of cold resistance (worn)
 M - a +1 cloak (worn)
Jewellery
 h - a ring of resist corrosion (left hand)
 o - a ring of protection from fire
 q - a +4 ring of protection
 v - a +4 ring of protection
 C - an amulet of the acrobat (around neck)
 P - a ring of willpower (right hand)
Wands
 y - a wand of mindburst (4)
 E - a wand of quicksilver (11)
 G - a wand of digging (6)
 J - a wand of polymorph (7)
 L - a wand of roots (14)
Scrolls
 c - 5 scrolls of enchant armour
 e - 17 scrolls of identify
 i - 3 scrolls of fear
 j - 3 scrolls of poison
 l - 2 scrolls of vulnerability
 t - 3 scrolls of noise
 B - 2 scrolls of teleportation
 H - a scroll of fog
 I - a scroll of immolation {unknown}
 K - a scroll of enchant weapon {unknown}
Potions
 d - a potion of might {unknown}
 k - a potion of mutation {unknown}
 m - 5 potions of cancellation
 n - 9 potions of curing {unknown}
 p - 5 potions of degeneration {unknown}
 r - 4 potions of heal wounds {unknown}
 u - 4 potions of ambrosia {unknown}
 w - 2 potions of haste {unknown}
 D - a potion of brilliance {unknown}
 F - 3 potions of attraction {unknown}
 N - a potion of flight {unknown}


   Skills:
 + Level 11.8 Fighting
 + Level 11.8 Axes
 + Level 11.5 Armour
 + Level 10.6 Dodging
 + Level 3.4 Shields


You had 10 spell levels left.
You didn't know any spells.
Your spell library was empty.

Dungeon Overview and Level Annotations

Branches:
Dungeon (11/15)            Temple (0/1) D:7            Lair (0/5) D:10
    Orc (0/2) D:11         Bailey (visited)

Altars:
Ashenzari
Cheibriados
Fedhas
Hepliaklqana
Okawaru
Qazlal
Sif Muna
Trog
Wu Jian
Xom
The Shining One

Shops:
D:6 [   D:7 :   D:10 =

Annotations:
D:8 Maggie


Innate Abilities, Weirdness & Mutations

You have a pair of horns on your head.
You reflexively headbutt those who attack you in melee.


Message History

There are monsters nearby!
You barely miss the skeletal warrior.
The skeletal warrior is severely damaged.
You barely miss the skeletal warrior.
The skeletal warrior hits you with a +0 short sword!!
The skeletal warrior misses you.
The skeletal warrior hits you from afar with a +0 halberd!! x2
The skeletal warrior hits you with a +0 short sword!
* * * LOW HITPOINT WARNING * * *
The skeletal warrior completely misses you.
You furiously retaliate!
You headbutt the skeletal warrior.
A red film seems to cover your vision as you go berserk!
You feel yourself moving faster!
You feel mighty!
The skeletal warrior closely misses you. x2
You furiously retaliate!
You headbutt the skeletal warrior!
You destroy the skeletal warrior!
Trog accepts your kill.
The skeletal warrior barely misses you. x2
Your Shields skill increases to level 3!
You slice the skeletal warrior!!
The skeletal warrior is moderately damaged.
The skeletal warrior hits you from afar with a +0 halberd!
* * * LOW HITPOINT WARNING * * *
The skeletal warrior hits you from afar with a +0 halberd.
* * * LOW HITPOINT WARNING * * *
The skeletal warrior closely misses you.
You furiously retaliate!
You headbutt the skeletal warrior.
Unknown command.
You slice the skeletal warrior!!
The skeletal warrior is severely damaged.
The skeletal warrior misses you.
The skeletal warrior hits you from afar with a +0 halberd!
* * * LOW HITPOINT WARNING * * *
The skeletal warrior hits you with a +0 short sword.
* * * LOW HITPOINT WARNING * * *
You open the skeletal warrior like a pillowcase!!!
You destroy the skeletal warrior!
Trog accepts your kill.
The skeletal warrior hits you from afar with a +0 halberd!!
You die...

#........#.....<..#.....
#........#........#.....
#........#........+.....
#........#........#...##
#........#........#...#
#........#........#...#
#.....>..##########...#
#.....................#
#####.)@#########.....#
#.).# #.....# #.zz#
#.....# #...# #.....##
#...# #+##....... #...?
...........
#.##########........
#.#........#.....###
#.#......###.....#..


You could see 2 skeletal warriors.

Vanquished Creatures
  Josephine (D:10)
  A two-headed ogre (D:11)
  3 death yaks (D:10)
  2 skeletal warriors (D:11)
  An orc knight (Bailey)
  A deep elf pyromancer (D:11)
  An unseen horror (D:10)
  Psyche (D:10)
  4 trolls
  2 hornets
  A shadow (D:9)
  3 wyverns
  A ynoxinul (D:8)
  7 wraiths (D:10)
  2 steam dragons
  An acid dragon (D:9)
  2 water moccasins
  An ice beast (D:5)
  8 orc warriors
  A sky beast (D:7)
  3 ogres
  6 centaurs
  11 kobold brigands
  2 phantoms (D:5)
  3 bullfrogs
  A gnoll sergeant (D:11)
  2 scorpions
  6 wights
  4 killer bees
  3 howler monkeys
  5 hounds
  3 jellies
  A gnoll bouda (D:6)
  2 orc priests
  A sleepcap (D:7)
  2 iguanas (D:5)
  11 orc wizards
  16 gnolls
  8 adders
  3 river rats (D:10)
  3 worms
  3 dart slugs
  25 orcs
  4 bats
  4 endoplasms (D:2)
  A giant cockroach (D:4)
  10 goblins
  5 hobgoblins
  8 quokkas
  4 ball pythons
  10 frilled lizards
  34 kobolds
  11 rats
  A butterfly (D:7)
260 creatures vanquished.

Vanquished Creatures (others)
  4 plants (D:3)
4 creatures vanquished.

Grand Total: 264 creatures vanquished

Notes
Turn   | Place    | Note
-------+----------+-------------------------------------------
     0 | D:1      | LLlMATKO the Minotaur Berserker began the quest for the
                  | Orb.
     0 | D:1      | Reached XP level 1. HP: 19/19 MP: 0/0
   170 | D:1      | Reached XP level 2. HP: 21/27 MP: 1/1
   849 | D:2      | Reached XP level 3. HP: 33/33 MP: 2/2
   970 | D:2      | Reached ** piety under Trog
  1882 | D:3      | Reached XP level 4. HP: 40/40 MP: 3/3
  2072 | D:4      | Found a glowing golden altar of the Shining One.
  2149 | D:4      | Noticed an ogre
  2154 | D:4      | Killed an ogre
  2155 | D:4      | Reached XP level 5. HP: 43/47 MP: 4/4
  2243 | D:4      | Found an ornate altar of the Wu Jian Council.
  2690 | D:4      | Reached skill level 5 in Axes
  2752 | D:4      | Reached skill level 5 in Fighting
  2758 | D:4      | Reached XP level 6. HP: 56/56 MP: 5/5
  2863 | D:5      | Entered Level 5 of the Dungeon
  2883 | D:5      | Identified the +1 robe "Esoqayni" {rN++ Will+ Int-5}
  3239 | D:5      | Noticed an ice beast
  3247 | D:5      | Killed an ice beast
  3248 | D:5      | Reached skill level 5 in Armour
  3248 | D:5      | Reached XP level 7. HP: 38/62 MP: 6/6
  3443 | D:5      | Found an iron altar of Okawaru.
  3449 | D:5      | Reached skill level 5 in Dodging
  3699 | D:5      | You fall into a shaft and drop 3 floors!
  3709 | D:8      | Identified a scroll of acquirement
  3709 | D:8      | Acquired the +5 broad axe of Oozing Pus {heavy, Stlth+}
  3830 | D:8      | Reached *** piety under Trog
  3830 | D:8      | Noticed a troll
  3836 | D:8      | Killed a troll
  3837 | D:8      | Reached XP level 8. HP: 37/71 MP: 7/7
  3843 | D:8      | Noticed Maggie
  3932 | D:8      | Found a bloodstained altar of Trog.
  3943 | D:8      | Found a shimmering blue altar of Sif Muna.
  3985 | D:8      | Found a flagged portal.
  3999 | Bailey   | Entered a bailey
  4175 | Bailey   | Noticed an orc knight
  4187 | Bailey   | Killed an orc knight
  4188 | Bailey   | Reached XP level 9. HP: 42/81 MP: 8/8
  4292 | Bailey   | Found an iron altar of Okawaru.
  4678 | D:6      | Found Oguc Osy's Armour Boutique.
  4985 | D:6      | Found a blossoming altar of Fedhas.
  5116 | D:6      | Reached **** piety under Trog
  5557 | D:7      | Reached XP level 10. HP: 91/91 MP: 9/9
  5827 | D:7      | Found a stormy altar of Qazlal.
  6015 | D:7      | Found a staircase to the Ecumenical Temple.
  6185 | D:7      | Found Beomikiq's Tremendous Tomes.
  6368 | D:8      | Found a broken altar of Ashenzari.
  6783 | D:9      | Reached skill level 10 in Fighting
  6783 | D:9      | Reached skill level 10 in Axes
  7171 | D:9      | Reached ***** piety under Trog
  7172 | D:9      | Reached skill level 10 in Armour
  7543 | D:9      | Found a snail-covered altar of Cheibriados.
  7552 | D:9      | Found a shimmering altar of Xom.
  7590 | D:10     | Entered Level 10 of the Dungeon
  7897 | D:10     | Noticed Josephine
  7905 | D:10     | Killed Josephine
  7906 | D:10     | Reached XP level 11. HP: 75/101 MP: 10/10
  8062 | D:10     | Noticed a death yak
  8063 | D:10     | Found a staircase to the Lair.
  8065 | D:10     | Noticed a death yak
  8066 | D:10     | Noticed a death yak
  8070 | D:10     | Killed a death yak
  8073 | D:10     | Killed a death yak
  8074 | D:10     | Reached skill level 10 in Dodging
  8075 | D:10     | Killed a death yak
  8125 | D:10     | Found Vadec's Jewellery Shop.
  8150 | D:10     | Noticed Psyche
  8261 | D:10     | Killed Psyche
  8403 | D:10     | Found a hazy altar of Hepliaklqana.
  8550 | D:11     | Identified the +9 flail "Nydocuky" {vamp, rF+ Stlth+}
  8568 | D:11     | Noticed a two-headed ogre
  8576 | D:11     | Killed a two-headed ogre
  8577 | D:11     | Reached skill level 1 in Shields
  8827 | D:11     | Noticed a deep elf pyromancer
  8834 | D:11     | Killed a deep elf pyromancer
  8885 | D:11     | Found a staircase to the Orcish Mines.
  8894 | D:11     | Noticed a skeletal warrior
  8894 | D:11     | Noticed a skeletal warrior
  8895 | D:11     | Noticed a skeletal warrior
  8896 | D:11     | Noticed a skeletal warrior
  8900 | D:11     | Killed a skeletal warrior
  8903 | D:11     | Killed a skeletal warrior
  8903 | D:11     | Mangled by a skeletal warrior

Illustrated notes

Levels and vault maps discovered:
D:1:      zaba_arrival_water, layout_basic, serial_bayou_crossing
D:2:      layout_basic
D:3:      layout_basic, minmay_lizard_king
D:4:      layout_loops_corners, nzn_wu_jian_council_hall,
          mainiacjoe_overflow_surrounded_room,
          nicolae_concentric_dashed_squares_wild, chequers_avenue
D:5:      layout_rooms, okawaru_gym_becter
D:6:      layout_gridville, fedhas_bush_and_centaur_altar, serial_shops,
          nicolae_stop_n_shop_1
D:7:      layout_rooms, nicolae_qazlal_scattered_showers,
          minmay_temple_entry_butterflies, st_stairs_2, minivault_25,
          nicolae_shop_i_like_big_books, kennysheep_cluttered_room,
          serial_park_tiny_2
D:8:      layout_basic, nzn_overflow_gifts_of_might_and_magic,
          lemuel_doored_altar, enter_bailey_3, uniq_maggie
D:9:      kennysheep_spiral_hall, layout_basic, mainiacjoe_overflow_swirl
D:10:     layout_basic, mainiacjoe_overflow_alcove_1, dpeg_lair_monsters,
          serial_shops, shop, uniq_psyche, uniq_josephine
D:11:     layout_irregular_city, orc_0_dummy, hangedman_decor_points,
          serial_park_tiny_1

Skill      XL: |  1  2  3  4  5  6  7  8  9 10 11 |
---------------+----------------------------------+-----
Axes           | 4 5 6 7 9 10 11 | 11.8
Fighting       | 4 5 6 7 9 10 11 | 11.8
Armour         | 3 4 5 6 7 9 10 11 | 11.5
Dodging        | 3 4 5 6 8 9 10 | 10.6
Shields        | 3 |  3.4

Action                     |  1- 3 |  4- 6 |  7- 9 | 10-12 || total
---------------------------+-------+-------+-------+-------++-------
  Melee: Hand axe          |   105 |    78 |    18 |       ||   201
         Headbutt          |    10 |     8 |    11 |    16 ||    45
         Punch             |       |     1 |     2 |     1 ||     4
         Broad axe         |       |       |    84 |   147 ||   231
         Unarmed           |       |       |       |     3 ||     3
 Invoke: Berserk           |     2 |     3 |     4 |     5 ||    14
         Trog's Hand       |       |       |     2 |       ||     2
    Use: Scroll            |       |       |    11 |       ||    11
   Stab: Sleeping          |     1 |       |     2 |     1 ||     4
 Armour: Animal skin       |     6 |       |       |       ||     6
         Scale mail        |    13 |    27 |    63 |       ||   103
         Ring mail         |       |       |    34 |   100 ||   134
  Dodge: Dodged            |    62 |    45 |    72 |   181 ||   360
